 Dungeon Crawl Stone Soup version 0.27-a0-3-gcf006a40f5 (webtiles) character file.

Game seed: 1987432686172781993

48784 sahdkjhfkaj the Impaler (level 14, -23/184 HPs)
             Began as a Merfolk Berserker on Jan 1, 2021.
             Was a High Priest of Trog.
             Annihilated by a dire elephant (30 damage)
             ... on level 6 of the Lair of Beasts.
             The game lasted 00:27:41 (26046 turns).

sahdkjhfkaj the Impaler (Merfolk Berserker)        Turns: 26046, Time: 00:27:41

Health: -23/184    AC: 11    Str: 22    XL:     14   Next: 47%
Magic:  14/14      EV: 20    Int:  6    God:    Trog [*****.]
Gold:   1166       SH:  0    Dex: 14    Spells: 13/13 levels left

rFire    + . .     SeeInvis .   a - +9 glaive (elec)
rCold    + . .     Faith    .   (shield currently unavailable)
rNeg     . . .     Spirit   .   A - +2 scale mail {rF+}
rPois    +         Reflect  .   k - +0 helmet
rElec    .         Harm     .   g - +0 cloak
rCorr    .         Rampage  .   J - +0 pair of gloves
Will     +....                  (no boots)
Stlth    ..........             (no amulet)
HPRegen  0.40/turn              N - ring of protection from cold
MPRegen  0.14/turn              P - ring of poison resistance

@: berserking, very quick
A: change form in water, swift swim, stealthy swim
a: Renounce Religion, Berserk, Trog's Hand, Brothers in Arms


You were on level 6 of the Lair of Beasts.
You worshipped Trog.
Trog was extremely pleased with you.
You visited 2 branches of the dungeon, and saw 16 of its levels.

You collected 1166 gold pieces.

Inventory:

Hand Weapons
 a - a +9 glaive of electrocution (weapon)
 R - a +2 antimagic halberd
 T - a +2 trident of venom
Missiles
 i - 53 poisoned darts
 w - 3 curare-tipped darts
 z - 5 throwing nets {!f}
Armour
 g - a +0 cloak (worn)
 k - a +0 helmet (worn)
 A - a +2 scale mail of fire resistance (worn)
 J - a +0 pair of gloves (worn)
Jewellery
 E - an uncursed ring of protection from fire
 N - a ring of protection from cold (left hand)
 P - a ring of poison resistance (right hand)
 Q - an uncursed ring of resist corrosion {unknown}
 S - an uncursed ring of protection from fire
Wands
 r - a wand of acid (4)
 x - a wand of disintegration (15)
 y - a wand of iceblast (17)
 O - a wand of polymorph (11)
Scrolls
 d - 8 scrolls of teleportation {!r}
 h - a scroll of fear
 n - 11 scrolls of remove curse
 t - a scroll of blinking
 v - a scroll of magic mapping
 B - 3 scrolls of enchant armour
 C - 2 scrolls of fog
 G - 3 scrolls of noise
 I - a scroll of enchant weapon
 K - a scroll of silence {!r}
 L - 2 scrolls of vulnerability
 M - a scroll of summoning {!r}
Potions
 b - 5 potions of curing
 c - 4 potions of mutation
 e - 2 potions of might {unknown}
 j - 2 potions of flight {unknown}
 l - 3 potions of brilliance
 m - a potion of lignification {unknown}
 o - 4 potions of heal wounds
 p - 5 potions of haste
 q - 3 potions of attraction {unknown}
 s - a potion of berserk rage {unknown}
 u - 3 potions of ambrosia {unknown}
 D - a potion of invisibility {unknown}
Miscellaneous
 F - a box of beasts
 H - a phial of floods


   Skills:
 + Level 15.2 Fighting
 + Level 19.0 Polearms
 - Level 1.3 Armour
 + Level 17.4 Dodging
 - Level 4.0 Shields


You had 13 spell levels left.
You didn't know any spells.
Your spell library was empty.

Dungeon Overview and Level Annotations

Branches:
Dungeon (10/15)            Temple (0/1) D:5            Lair (6/6) D:8
  Swamp (0/4) Lair:2        Snake (0/4) Lair:3        Slime (0/5) Lair:6
    Orc: D:9-12

Altars:
Cheibriados
Elyvilon
Hepliaklqana
Kikubaaqudgha
Makhleb
Nemelex Xobeh
Okawaru
Ru
Sif Muna
Uskayaw
The Shining One

Shops:
D:5 }

Portals:
Trove: D:10 (give 6 scrolls of fear)

Annotations:
Lair:6 exclusion: 4 oklob plants


Message History

* * * LOW HITPOINT WARNING * * *
You hit the dire elephant.
The dire elephant is heavily wounded.
Unknown command.
You hit the dire elephant.
The dire elephant is heavily wounded.
The dire elephant misses you.
The dire elephant trunk-slaps you but does no damage.
The dire elephant tramples you!!
* * * LOW HITPOINT WARNING * * *
You hold your ground!
The dire elephant misses you.
You are too berserk!
You are too berserk!
You slice the dire elephant!!
Lightning courses through the dire elephant!
The dire elephant is almost dead.
You completely miss the dire elephant.
The dire elephant is almost dead.
The dire elephant tramples you!!
You die...

### # ##.###
##.###P #...... ♣♣
##..... ♣}♣ #.....
#♣8♣ ♣...<. ##@♣
#..... #YY# #.....
##..## #.....
#....##### ♣.....
#....#...+ #♣.....
##...'..### #......
#....#8...#
#♣......
##P.#####.#
♣.......
##..'..#.##♣.......


You could see 2 dire elephants.

Vanquished Creatures
  3 dire elephants
  A vault guard (D:10)
  5 hydras
  A two-headed ogre (D:8)
  A boulder beetle (Lair:5)
  An anaconda (Lair:6)
  5 death yaks
  A queen ant (Lair:3)
  9 elephants
  4 black mambas
  Joseph (D:7)
  A torpor snail (Lair:6)
  2 molten gargoyles (Lair:4)
  13 cane toads
  A kobold demonologist (D:10)
  7 komodo dragons
  6 rime drakes
  2 trolls
  A polar bear (Lair:2)
  19 blink frogs
  4 dream sheep (Lair:6)
  Prince Ribbit (D:8)
  A vampire (D:9)
  9 wyverns
  50 yaks
  3 basilisks
  2 nagas (Lair:3)
  An acid dragon (D:7)
  4 soldier ants (Lair:3)
  14 water moccasins
  A sky beast (D:10)
  An orc warrior (D:8)
  2 phantoms
  6 ogres
  4 ice beasts
  2 black bears
  22 wolves
  3 centaurs
  10 bullfrogs
  2 killer bees (D:8)
  4 wights
  3 electric eels
  A howler monkey (D:4)
  2 centaur zombies
  5 lava snakes (Lair:4)
  A bullfrog zombie (D:5)
  A bullfrog skeleton (D:4)
  9 orc priests
  6 hounds
  11 orc wizards
  A centaur skeleton (D:6)
  6 iguanas
  29 worker ants
  3 hound skeletons
  A howler monkey zombie (D:8)
  A worker ant zombie (D:5)
  13 gnolls
  16 adders
  2 shadow imps
  3 white imps
  4 ufetubi
  2 oozes
  2 adder skeletons
  4 worms
  A dart slug (D:5)
  7 leopard geckos
  33 orcs
  2 ball pythons
  4 bats
  A bat zombie (D:2)
  7 giant cockroaches
  6 goblins
  13 hobgoblins
  8 jackals (D:4)
  A ball python skeleton (D:5)
  2 frilled lizards
  9 kobolds
  2 leopard gecko zombies
  2 quokka skeletons
  5 rats
459 creatures vanquished.

Vanquished Creatures (collateral kills)
  Harold (D:7)
  A wolf (D:8)
  2 killer bees (D:8)
  A hound (D:8)
  A hound zombie (D:7)
6 creatures vanquished.

Vanquished Creatures (others)
  4 orcs (D:8)
  32 fungi
  50 plants
  5 toadstools (Lair:5)
91 creatures vanquished.

Grand Total: 556 creatures vanquished

Notes
Turn   | Place    | Note
-------+----------+-------------------------------------------
     0 | D:1      | sahdkjhfkaj the Merfolk Berserker began the quest for the
                  | Orb.
     0 | D:1      | Reached XP level 1. HP: 18/18 MP: 1/1
   139 | D:1      | Reached XP level 2. HP: 21/24 MP: 2/2
   861 | D:2      | Reached skill level 5 in Polearms
   861 | D:2      | Reached XP level 3. HP: 30/30 MP: 3/3
  1537 | D:1      | Reached XP level 4. HP: 11/37 MP: 4/4
  2515 | D:2      | Found an ancient bone altar of Kikubaaqudgha.
  2906 | D:2      | Reached ** piety under Trog
  2908 | D:2      | Reached XP level 5. HP: 43/43 MP: 5/5
  2910 | D:2      | Reached skill level 6 in Polearms
  3705 | D:4      | Reached skill level 5 in Dodging
  3712 | D:3      | Reached skill level 5 in Fighting
  3712 | D:3      | Reached XP level 6. HP: 38/51 MP: 6/6
  3975 | D:4      | Found an iron altar of Okawaru.
  4074 | D:4      | Reached skill level 7 in Polearms
  4261 | D:4      | Reached XP level 7. HP: 56/56 MP: 7/7
  4380 | D:4      | Reached *** piety under Trog
  4421 | D:4      | Reached skill level 8 in Polearms
  4517 | D:4      | Found a sacrificial altar of Ru.
  4944 | D:5      | Entered Level 5 of the Dungeon
  4953 | D:5      | Reached XP level 8. HP: 65/65 MP: 8/8
  5083 | D:5      | Found a staircase to the Ecumenical Temple.
  5132 | D:5      | Found a snail-covered altar of Cheibriados.
  5349 | D:5      | Reached skill level 9 in Polearms
  5566 | D:5      | Found Codaduphio's Gadget Emporium.
  6050 | D:5      | Got a pitted quarterstaff
  6050 | D:5      | Identified the +7 quarterstaff "Plog" {venom, rF+} (You
                  | found it on level 5 of the Dungeon)
  6381 | D:5      | Reached **** piety under Trog
  6660 | D:6      | Reached skill level 10 in Polearms
  6676 | D:6      | Reached XP level 9. HP: 27/74 MP: 9/9
  6710 | D:6      | HP: 3/74 [poisoned by an adder]
  6718 | D:6      | HP: 3/74 [poisoned by an adder]
  8438 | D:7      | Noticed Harold
  8445 | D:7      | Killed Harold
  8446 | D:7      | Reached skill level 11 in Polearms
  8531 | D:7      | Reached skill level 10 in Dodging
  9168 | D:7      | Noticed Joseph
  9175 | D:7      | Killed Joseph
  9176 | D:7      | Reached XP level 10. HP: 58/83 MP: 10/10
  9620 | D:8      | Found a white marble altar of Elyvilon.
  9653 | D:8      | Found a staircase to the Lair.
  9660 | D:8      | Reached skill level 12 in Polearms
 10231 | D:8      | Noticed a two-headed ogre
 10263 | D:8      | Killed a two-headed ogre
 10264 | D:8      | Reached skill level 10 in Fighting
 11474 | D:8      | Found a shimmering blue altar of Sif Muna.
 11497 | D:8      | Identified Sif Muna's Papyrus of the Birds
 11783 | D:8      | Noticed Prince Ribbit
 11795 | D:8      | Killed Prince Ribbit
 11796 | D:8      | Reached skill level 13 in Polearms
 12488 | D:9      | Reached XP level 11. HP: 66/92 MP: 11/11
 13006 | D:9      | Found a hazy altar of Hepliaklqana.
 13016 | D:9      | Found a glowing golden altar of the Shining One.
 13019 | D:9      | Found a sparkling altar of Nemelex Xobeh.
 13029 | D:9      | Found a hide-covered altar of Uskayaw.
 13178 | D:9      | Found a burning altar of Makhleb.
 13344 | D:10     | Entered Level 10 of the Dungeon
 13363 | D:9      | Reached skill level 1 in Shields
 14130 | D:10     | Noticed a sun demon
 14342 | D:10     | Noticed a vault guard
 14359 | D:10     | Killed a vault guard
 14360 | D:10     | Reached skill level 14 in Polearms
 14541 | D:10     | Found a portal to a secret trove of treasure.
 14629 | Lair:1   | Entered Level 1 of the Lair of Beasts
 15023 | Lair:1   | HP: 6/141 [poisoned by a cane toad]
 15028 | Lair:1   | Reached ***** piety under Trog
 16481 | Lair:2   | Reached XP level 12. HP: 102/102 MP: 12/12
 16784 | Lair:2   | Reached skill level 15 in Polearms
 17440 | Lair:2   | Found a staircase to the Swamp.
 17890 | Lair:3   | Noticed a queen ant
 17911 | Lair:3   | Killed a queen ant
 18654 | Lair:3   | Found a staircase to the Snake Pit.
 18771 | Lair:3   | Reached skill level 16 in Polearms
 19720 | Lair:4   | Reached skill level 15 in Dodging
 20875 | Lair:5   | Noticed a boulder beetle
 20886 | Lair:5   | Killed a boulder beetle
 20887 | Lair:5   | Reached XP level 13. HP: 111/111 MP: 13/13
 20951 | Lair:5   | Received a gift from Trog
 21055 | Lair:5   | Found a runed translucent door.
 21075 | Lair:5   | Noticed a dire elephant
 21075 | Lair:5   | Noticed a dire elephant
 21328 | Lair:5   | Reached skill level 17 in Polearms
 22002 | Lair:5   | Killed a dire elephant
 22014 | Lair:5   | Killed a dire elephant
 22074 | Lair:5   | Got a crystal arbalest
 22074 | Lair:5   | Identified the +4 arbalest "Dilov" {elec, *Contam rPois
                  | Str-2 Stlth+} (You found it on level 5 of the Lair of
                  | Beasts)
 22170 | Lair:5   | Got a faintly glowing shortbow
 22170 | Lair:5   | Identified the +10 shortbow of the Final Decision {freeze,
                  | rPois Will+ Int-3} (You found it on level 5 of the Lair of
                  | Beasts)
 22609 | Lair:4   | You fall into a shaft and drop 1 floor!
 23298 | Lair:6   | Entered Level 6 of the Lair of Beasts
 23954 | Lair:5   | Reached skill level 18 in Polearms
 24356 | Lair:6   | Received a gift from Trog
 24473 | Lair:6   | Reached XP level 14. HP: 100/121 MP: 14/14
 24976 | Lair:6   | Found a staircase to the Slime Pits.
 25119 | Lair:6   | Reached skill level 15 in Fighting
 25975 | Lair:6   | Noticed a dire elephant
 26005 | Lair:6   | Noticed a dire elephant
 26005 | Lair:6   | Noticed a dire elephant
 26040 | Lair:6   | Killed a dire elephant
 26041 | Lair:6   | Reached skill level 19 in Polearms
 26044 | Lair:6   | HP: 6/184 [dire elephant (29)]
 26046 | Lair:6   | Annihilated by a dire elephant

Illustrated notes

Levels and vault maps discovered:
D:1:      heliophobic_arrival_enchanted_forest, layout_rooms, dk_noncrumbling_2,
          corexii_hall_statues_x
D:2:      layout_loops_corners, lemuel_zombie_altar_kikubaaqudgha
D:3:      layout_rooms, kennysheep_generic_room_13
D:4:      layout_loops_ring, kennysheep_mini_moat, lemuel_altar_in_water
D:5:      layout_loops_corners, kennysheep_slug_shrine,
          minmay_temple_entry_glass, cheibrodos_sewer_entry_bend, serial_shops,
          nicolae_shop_statue_plus
D:6:      layout_gridville, serial_glass, glass_columns_c, glass_columns_c,
          abandoned_shop
D:7:      minmay_spotlight, layout_basic, enter_bailey_4, uniq_joseph,
          uniq_harold
D:8:      layout_basic, led_sif_book, elyvilon_altar_1, erik_lair_island,
          uniq_prince_ribbit1
D:9:      layout_basic, makhleb_heckhound_becter,
          grunt_temple_overflow_cloverleaf
D:10:     layout_irregular_city, enter_trove_5
Lair:1:   layout_regular_city, st_stairs_7, serial_bayou_lake_a,
          grunt_megastairs_3
Lair:2:   layout_cave_shapes, swamp_mist, grunt_megastairs_2
Lair:3:   layout_gridlike, guppyfry_snake_entry_island, minmay_another_anthill
Lair:4:   cheibrodos_magma_flow, layout_cave_pods
Lair:5:   gammafunk_lair_enchanted_lake, layout_regular_city,
          serial_bayou_shore_a
Lair:6:   due_jungle_book, layout_regular_city, slime_dummy,
          minmay_lair_oklob_chamber

Skill      XL: |  1  2  3  4  5  6  7  8  9 10 11 12 13 14 |
---------------+-------------------------------------------+-----
Dodging        | 3 4 5 7 8 10 12 13 15 16 17 | 17.4
Polearms       | 5 6 7 8 10 11 13 14 16 18 19 | 19.0
Fighting       | 4 5 6 7 9 10 11 13 14 15 | 15.2
Shields        | 4 |  4.0
Armour         | |  1.3

Action                   |  1- 3 |  4- 6 |  7- 9 | 10-12 | 13-15 || total
-------------------------+-------+-------+-------+-------+-------++-------
Melee: Spear             |   127 |     3 |       |       |       ||   130
       Halberd           |       |   197 |   339 |       |       ||   536
       Trident           |       |       |    40 |   957 |    19 ||  1016
       Tailslap          |       |       |     1 |    13 |     5 ||    19
       Glaive            |       |       |       |       |   326 ||   326
Invok: Berserk           |     1 |     2 |     2 |    13 |    15 ||    33
       Brothers in Arms  |       |       |     1 |     1 |       ||     2
       Trog's Hand       |       |       |       |     2 |     1 ||     3
Evoke: Wand              |       |       |       |     3 |       ||     3
       Phial of floods   |       |       |       |     1 |       ||     1
  Use: Scroll            |       |     7 |     2 |    13 |     5 ||    27
       Potion            |       |       |       |     2 |       ||     2
 Stab: Distracted        |       |       |       |     2 |       ||     2
Armor: Animal skin       |     6 |       |       |       |       ||     6
       Leather armour    |     5 |     8 |       |       |       ||    13
       Ring mail         |       |    25 |       |       |       ||    25
       Scale mail        |       |    22 |   106 |   130 |    74 ||   332
Dodge: Dodged            |    56 |   151 |   269 |   418 |   300 ||  1194
Block: Buckler           |       |       |       |    80 |       ||    80

Table legend: (Time is in decaauts)
 A = Elapsed time spent in this place.
 B = Non-inter-level travel time spent in this place.
 C = Inter-level travel time spent in this place.
 D = Time resting spent in this place.
 E = Time spent auto-exploring this place.
 F = Levels seen in this place.
 G = Mean time per level.
                   A        B        C        D        E       F      G
               +--------+--------+--------+--------+--------+-----+--------+
         Total |  25753 |  24483 |   1270 |   4321 |  16630 |  16 | 1609.6 |
       Dungeon |  14564 |  14026 |    538 |   2045 |  10016 |  10 | 1456.4 |
          Lair |  11189 |  10457 |    732 |   2276 |   6614 |   6 | 1864.8 |
               +--------+--------+--------+--------+--------+-----+--------+

Top non-repeatable levels by time:
  Lair:5: 2857 daAuts
     D:8: 2519 daAuts
  Lair:4: 2398 daAuts
     D:2: 1773 daAuts
  Lair:1: 1731 daAuts
     D:7: 1677 daAuts
  Lair:6: 1493 daAuts
     D:5: 1469 daAuts
  Lair:3: 1417 daAuts
     D:9: 1404 daAuts
     D:6: 1312 daAuts
  Lair:2: 1291 daAuts
     D:1: 1223 daAuts
    D:10: 1194 daAuts
     D:4: 1009 daAuts
